 Dungeon Crawl Stone Soup version 0.29.1-15-g9cfb28693d (webtiles) character file.

Game seed: 5587929224108688959

49 raph the Firebug (level 3, -6/19 HPs)
             Began as a Deep Elf Fire Elementalist on Mar 22, 2023.
             Mangled by a gnoll
             ... wielding a +0 whip
              (8 damage)
             ... on level 2 of the Dungeon.
             The game lasted 00:02:35 (1724 turns).

raph the Firebug (Deep Elf Fire Elementalist)       Turns: 1724, Time: 00:02:36

Health: -6/19      AC:  3    Str:  5    XL:     3   Next: 53%
Magic:  6/9        EV: 12    Int: 21    God:
Gold:   58         SH:  0    Dex: 15    Spells: 2/8 levels left

rFire   . . .      SeeInvis .   j - +0 dagger (speed)
rCold   . . .      Faith    .   (no shield)
rNeg    . . .      Spirit   .   a - +0 robe
rPois   .          Reflect  .   (no helmet)
rElec   .          Harm     .   d - +0 cloak
rCorr   .          Rampage  .   (no gloves)
Will    .....                   (no boots)
Stlth   ++........              (no amulet)
HPRegen 0.06/turn               g - ring of flight
MPRegen 0.11/turn               b - +4 ring of slaying

@: brilliant, flying
A: no striking features
a: no special abilities


You were on level 2 of the Dungeon.
You visited 1 branch of the dungeon, and saw 2 of its levels.

You collected 58 gold pieces.

Inventory:

Hand Weapons
 c - a +0 dagger
 j - a +0 dagger of speed (weapon)
Missiles
 h - 4 boomerangs
 l - a throwing net
Armour
 a - a +0 robe (worn)
 d - a +0 cloak (worn)
Jewellery
 b - a +4 ring of slaying (right hand)
 g - a ring of flight (left hand)
Potions
 e - 2 potions of curing
 i - a potion of mutation {unknown}
 k - a potion of heal wounds {unknown}


   Skills:
 - Level 2.4 Dodging
 - Level 2.4 Stealth
 - Level 3.0 Spellcasting
 - Level 1.1 Conjurations
 + Level 5.1 Fire Magic


You had 2 spell levels left.
You knew the following spells:

 Your Spells              Type           Power      Damage    Failure   Level
a - Foxfire               Conj/Fire      96%        2x1d8     3%          1
b - Scorch                Fire           72%        2d9       2%          2
c - Conjure Flame         Conj/Fire      24%        6-21      11%         3

Your spell library contained the following spells:

 Spells                   Type           Power      Damage    Failure   Level
 Inner Flame              Hex/Fire       20%        N/A       14%         3
 Flame Wave               Conj/Fire      24%        2d8       36%         4


Dungeon Overview and Level Annotations

Branches:
Dungeon (2/15)

Altars:


Message History

Found 8 stones.
There is an open door here.
You reach down and open the door.
There is an open door here.
As you open the door, it creaks loudly! 4 gnolls come into view.
The gnoll shouts! x3
Found 12 gold pieces.
Casting: Foxfire (safe; 3% risk of failure)
Confirm with . or Enter, or press ? or * to list all spells.
The fire begins to smoulder!
The gnoll throws a throwing net.
The throwing net hits you.
You become entangled in the net!
You tear a large gash into the net.
The gnoll completely misses you.
You smother the flame.
You struggle against the net.
The gnoll hits you from afar with a +0 spear.
You struggle against the net.
The gnoll barely misses you. x2
You rip the net and break free!
The gnoll barely misses you. The gnoll misses you.
The gnoll attacks as you move away! The gnoll barely misses you.
The gnoll attacks as you move away! The gnoll closely misses you.
The gnoll attacks as you move away! The gnoll closely misses you.
Casting: Conjure Flame (extremely dangerous; 11% risk of failure)
Confirm with . or Enter, or press ? or * to list all spells.
Flames lash the gnoll.
The gnoll is almost dead.
The gnoll's fire resistance burns away.
The gnoll hits you with a +0 whip.
The gnoll hits you from afar with a +0 spear.
The gnoll attacks as you move away! The gnoll misses you.
The gnoll attacks as you move away! The gnoll hits you with a +0 whip.
* * * LOW HITPOINT WARNING * * *
The gnoll is no longer more vulnerable to fire.
There is an open door here.
You aren't carrying any scrolls.
The gnoll attacks as you move away! The gnoll hits you with a +0 whip.
* * * LOW HITPOINT WARNING * * *
It was a potion of brilliance.
You feel clever all of a sudden. The gnoll hits you with a +0 whip!
You die...

###'### ##..#......#
#.†...#.###.#......#
#.....#..####...[..#
+.....+...# #......#
#.....#.... #.#..###
#.....#.....#.##.##
###'####...$#.##..#
#.....###...'.##..##
##(.@..## #.##...##
##.g...## #....#...
##.g...## #.#######
##.g...###.#
######g####..#
...........g..#
#####....######
####...# ###.#######
##


You could see 4 gnolls.

Vanquished Creatures
  An adder (D:2)
  2 ball pythons
  3 endoplasms
  A giant cockroach (D:2)
  6 goblins
  3 hobgoblins (D:1)
  4 jackals (D:2)
  3 quokkas (D:1)
  5 frilled lizards
  4 kobolds
  6 rats
38 creatures vanquished.

Vanquished Creatures (others)
  97 foxfires
97 creatures vanquished.

Grand Total: 135 creatures vanquished

Notes
Turn   | Place    | Note
-------+----------+-------------------------------------------
     0 | D:1      | raph the Deep Elf Fire Elementalist began the quest for the
                  | Orb.
     0 | D:1      | Reached XP level 1. HP: 10/10 MP: 6/6
   170 | D:1      | Reached skill level 4 in Fire Magic
   170 | D:1      | Reached XP level 2. HP: 15/15 MP: 6/8
   309 | D:1      | Learned a level 2 spell: Scorch
   407 | D:1      | Found a faded altar of an unknown god.
  1035 | D:2      | Reached XP level 3. HP: 19/19 MP: 4/9
  1039 | D:2      | Learned a level 3 spell: Conjure Flame
  1210 | D:2      | Reached skill level 5 in Fire Magic
  1724 | D:2      | Mangled by a gnoll

Illustrated notes

Levels and vault maps discovered:
D:1:      dpeg_arrival_erosion, layout_basic, hellmonk_ecumenical_altar_run_dry,
          minmay_misc_feat_secret_circle
D:2:      layout_basic, grunt_ministairs_13, amethyst_killhole,
          minmay_quadrilaterals

Skill      XL: |  1  2  3 |
---------------+----------+-----
Fire Magic     | 4 5 |  5.1
Dodging        | |  2.4
Stealth        | |  2.4
Spellcasting   | |  3.0
Conjurations   | |  1.1

Action                   || total
-------------------------++-------
Melee: Dagger            ||     4
       Unarmed           ||     1
 Cast: Foxfire           ||    64
       Scorch            ||     3
       Conjure Flame     ||     1
  Use: Scroll            ||     4
       Potion            ||     2
 Stab: Sleeping          ||     1
Armor: Robe              ||    11
Dodge: Dodged            ||    40
